 Dungeon Crawl Stone Soup version 0.31-a0-1589-g8f5e8aebd6 (webtiles) character file.

Game seed: 15506599405135784750

161 wildpjah the Ruffian (level 5, 0/41 HPs)
             Began as a Gnoll Shapeshifter on Jan 6, 2024.
             Was a Believer of Cheibriados.
             Killed from afar by an orc wizard (9 damage)
             ... with a puff of flame
             ... on level 3 of the Dungeon.
             The game lasted 00:04:49 (1797 turns).

wildpjah the Ruffian (Gnoll Shapeshifter)           Turns: 1797, Time: 00:04:49

Health: 0/41       AC:  2    Str: 23    XL:     5   Next: 42%
Magic:  7/7        EV: 13    Int: 16    God:    Cheibriados [**....]
Gold:   131        SH:  4    Dex: 15    Spells: 7/7 levels left

rFire   . .          .
                       - Unarmed
rCold   . . .        s - +0 buckler
rNeg    . . .        a - +0 animal skin
rPois   .            (helmet currently unavailable)
rElec   .            (cloak currently unavailable)
rCorr   .            (gloves currently unavailable)
SInv    .            (boots currently unavailable)
Will    .....        (no amulet)
Stlth   ++           e - +6 ring of strength
HPRegen 0.26/turn    (no ring)
MPRegen 0.10/turn

%: no passive effects
@: beast-form, very slow
A: beast (slay +3), fangs 1, strong nose, distributed training
a: Begin Untransformation, Renounce Religion, Bend Time


You were on level 3 of the Dungeon.
You worshipped Cheibriados.
Cheibriados was pleased with you.
You were a hulking beast.
You visited 1 branch of the dungeon, and saw 3 of its levels.

You collected 131 gold pieces.

Inventory:

Hand Weapons
 n - a +0 halberd
 r - a +1 whip of venom
Missiles
 o - 2 throwing nets (quivered)
Armour
 a - a +0 animal skin (worn)
 s - a +0 buckler (worn)
Jewellery
 e - a +6 ring of strength (left hand)
Talismans
 c - a beast talisman
 d - a flux talisman
Scrolls
 b - 2 scrolls of fear {unknown}
 g - 5 scrolls of immolation {unknown}
 h - 3 scrolls of identify {unknown}
 j - a scroll of revelation {unknown}
 k - a scroll of teleportation {unknown}
 l - a scroll of blinking {unknown}
 p - a scroll of silence {unknown}
 q - a scroll of enchant armour {unknown}
Potions
 f - a potion of degeneration {unknown}
 i - a potion of heal wounds {unknown}
 m - a potion of lignification
 t - a potion of curing {unknown}


   Skills:
 + Level 3.0 Fighting
 + Level 1.5 Short Blades
 + Level 1.5 Long Blades
 + Level 1.5 Axes
 + Level 1.5 Maces & Flails
 + Level 1.5 Polearms
 + Level 1.5 Staves
 + Level 1.5 Ranged Weapons
 + Level 1.5 Throwing
 + Level 1.5 Armour
 + Level 4.8 Dodging
 + Level 1.5 Stealth
 + Level 1.5 Shields
 + Level 6.7 Unarmed Combat
 + Level 1.5 Spellcasting
 + Level 1.2 Conjurations
 + Level 1.2 Hexes
 + Level 1.2 Summonings
 + Level 1.2 Necromancy
 + Level 1.2 Translocations
 + Level 1.2 Fire Magic
 + Level 1.2 Ice Magic
 + Level 1.2 Air Magic
 + Level 1.2 Earth Magic
 + Level 1.2 Alchemy
 + Level 1.7 Invocations
 + Level 1.5 Evocations
 + Level 6.6 Shapeshifting


You had 7 spell levels left.
You didn't know any spells.
Your spell library contained the following spells:

 Spells                   Type           Power      Damage    Failure   Level
 Kiss of Death            Conj/Necr      20%        2d7       16%         1
 Confusing Touch          Hex            5%         N/A       43%         3
 Dispel Undead            Necr           5%         3d7       85%         4


Dungeon Overview and Level Annotations

Branches:
Dungeon (3/15)

Altars:
Cheibriados


Innate Abilities, Weirdness & Mutations

You are a hulking beast.
Your limbs bulge with bestial killing power. (Slay +3)
You have very sharp teeth.
Your uncanny sense of smell can sniff out nearby items.
Your experience applies equally to all skills.


Message History

You barely miss the orc. You bite the orc.
The orc is moderately wounded.
The orc hits you but does no damage.
You hit the orc.
You kill the orc!
Cheibriados appreciates the change of pace.
You miss something. Your bite misses something. Something hits you.
You barely miss something. Something completely misses you.
You closely miss something. Something hits you but does no damage.
You miss something. Something hits you.
You completely miss something.
You hear some strange, mumbled words.
You are confused.
You bump into the rock wall.
Something hits you.
You bump into the rock wall.
Something hits you. The orc misses you.
You bump into the rock wall.
The orc barely misses you.
You hear some strange, mumbled words.
A puff of flame appears from out of thin air!
The puff of flame hits you.
You bump into the rock wall.
You feel less confused. The orc closely misses you. Something hits you.
You barely miss the orc. You bite the orc.
The orc is heavily wounded.
The orc hits you with a +0 hand axe.
You hear some strange, mumbled words.
A puff of flame appears from out of thin air!
The puff of flame hits you!
* * * LOW HITPOINT WARNING * * *
You hit the orc.
You kill the orc!
Cheibriados appreciates the change of pace.
You hear some strange, mumbled words.
Something tries to affect you, but you resist.
You barely miss something.
You hear some strange, mumbled words.
A puff of flame appears from out of thin air!
The puff of flame hits you!
You die...

.$
.........###.###......#
.. .........###.#
#.####.# .. ##..##..#
#.# ## ##......###.#
###..##.....#.######.##
#...###...............#
#)### #..##.....#####.
##.# ##..####....<##
##..# #))h# ##.##..#
#######..###...{##
#..##.##
...#.........##.#
##..#..#
#....########..#
##..#.##### ##..## ..##
##.#.....# #..## #.#
#.#.....# #...# ##.#
#.#.....# #.#.#### #..
#.##†...# #.#....# #.#
#####.##....#


There were no monsters in sight!

Vanquished Creatures
  An orc priest (D:3)
  3 adders (D:2)
  4 gnolls (D:2)
  2 ribbon worms (D:2)
  A dart slug (D:3)
  3 orcs (D:3)
  3 ball pythons
  6 bats
  5 endoplasms
  4 giant cockroaches
  4 goblins
  2 hobgoblins (D:2)
  3 quokkas
  6 frilled lizards
  6 kobolds
  4 rats (D:1)
57 creatures vanquished.

Notes
Turn   | Place    | Note
-------+----------+-------------------------------------------
     0 | D:1      | wildpjah the Gnoll Shapeshifter began the quest for the
                  | Orb.
     0 | D:1      | Reached XP level 1. HP: 17/17 MP: 1/1
   120 | D:1      | Reached XP level 2. HP: 6/23 MP: 2/2
   387 | D:1      | Reached XP level 3. HP: 28/28 MP: 3/3
   516 | D:1      | Found a faded altar of an unknown god.
   530 | D:1      | Prayed at the altar of an unknown god.
   530 | D:1      | Became a worshipper of Cheibriados the Contemplative
   530 | D:1      | Reached * piety under Cheibriados
   873 | D:2      | Reached skill level 1 in Invocations
  1008 | D:2      | Reached skill level 1 in Short Blades
  1008 | D:2      | Reached skill level 1 in Long Blades
  1008 | D:2      | Reached skill level 1 in Axes
  1008 | D:2      | Reached skill level 1 in Maces & Flails
  1008 | D:2      | Reached skill level 1 in Polearms
  1008 | D:2      | Reached skill level 1 in Staves
  1008 | D:2      | Reached skill level 1 in Ranged Weapons
  1008 | D:2      | Reached skill level 1 in Throwing
  1008 | D:2      | Reached skill level 1 in Armour
  1008 | D:2      | Reached skill level 1 in Stealth
  1008 | D:2      | Reached skill level 1 in Shields
  1008 | D:2      | Reached skill level 1 in Spellcasting
  1008 | D:2      | Reached skill level 1 in Evocations
  1126 | D:2      | Reached XP level 4. HP: 34/34 MP: 5/5
  1233 | D:2      | Reached skill level 1 in Conjurations
  1233 | D:2      | Reached skill level 1 in Hexes
  1233 | D:2      | Reached skill level 1 in Summonings
  1233 | D:2      | Reached skill level 1 in Necromancy
  1233 | D:2      | Reached skill level 1 in Translocations
  1233 | D:2      | Reached skill level 1 in Fire Magic
  1233 | D:2      | Reached skill level 1 in Ice Magic
  1233 | D:2      | Reached skill level 1 in Air Magic
  1233 | D:2      | Reached skill level 1 in Earth Magic
  1233 | D:2      | Reached skill level 1 in Alchemy
  1445 | D:2      | Reached ** piety under Cheibriados
  1447 | D:2      | Reached XP level 5. HP: 32/40 MP: 5/7
  1797 | D:3      | Killed from afar by an orc wizard

Illustrated notes

Levels and vault maps discovered:
D:1:      dpeg_arrival_three_smaller_balls, layout_loops_ring, serial_bayou,
          serial_bayou_lake_a, serial_bayou_pond_e, serial_bayou_lagoon_a,
          serial_bayou_crossing, serial_bayou_pond_b, serial_bayou_pond_e,
          dreamdust_ecumenical_altar_grove, st_stairs_9
D:2:      layout_rooms
D:3:      layout_rooms, chequers_temple_overflow_statue_of_worship,
          kennysheep_orc_chapel, uniq_crazy_yiuf_cottage, uniq_robin,
          uniq_natasha

Skill      XL: |  1  2  3  4  5 |
---------------+----------------+-----
Invocations    | 1 |  1.7
Short Blades   | 1 |  1.5
Long Blades    | 1 |  1.5
Axes           | 1 |  1.5
Maces & Flails | 1 |  1.5
Polearms       | 1 |  1.5
Staves         | 1 |  1.5
Ranged Weapons | 1 |  1.5
Throwing       | 1 |  1.5
Armour         | 1 |  1.5
Stealth        | 1 |  1.5
Shields        | 1 |  1.5
Spellcasting   | 1 |  1.5
Evocations     | 1 |  1.5
Conjurations   | 1 |  1.2
Hexes          | 1 |  1.2
Summonings     | 1 |  1.2
Necromancy     | 1 |  1.2
Translocations | 1 |  1.2
Fire Magic     | 1 |  1.2
Ice Magic      | 1 |  1.2
Air Magic      | 1 |  1.2
Earth Magic    | 1 |  1.2
Alchemy        | 1 |  1.2
Fighting       | 3 |  3.0
Dodging        | |  4.8
Unarmed Combat | |  6.7
Shapeshifting  | |  6.6

Action                     |  1- 3 |  4- 6 || total
---------------------------+-------+-------++-------
  Melee: Unarmed           |    71 |    44 ||   115
         Bite              |     6 |     5 ||    11
         Halberd           |       |     7 ||     7
         Punch             |       |     1 ||     1
    Use: Potion            |     1 |       ||     1
   Stab: Sleeping          |     3 |       ||     3
 Armour: Animal skin       |    31 |    31 ||    62
         Skin              |     2 |       ||     2
  Dodge: Dodged            |    34 |    31 ||    65
  Block: Buckler           |       |     1 ||     1

Table legend: (Time is in decaauts)
 A = Elapsed time spent in this place.
 B = Non-inter-level travel time spent in this place.
 C = Inter-level travel time spent in this place.
 D = Time resting spent in this place.
 E = Time spent auto-exploring this place.
 F = Levels seen in this place.
 G = Mean time per level.
                   A        B        C        D        E       F      G
               +--------+--------+--------+--------+--------+-----+--------+
         Total |   2194 |   2023 |    171 |     53 |   1482 |   3 |  731.3 |
       Dungeon |   2194 |   2023 |    171 |     53 |   1482 |   3 |  731.3 |
               +--------+--------+--------+--------+--------+-----+--------+

Top non-repeatable levels by time:
     D:1: 1026 daAuts
     D:2: 937 daAuts
     D:3: 231 daAuts
